 Dungeon Crawl Stone Soup version 0.25-a0-578-gc91f01c39c (webtiles) character file.

Game seed: 4364950410108399145, levelgen mode: deterministic

31 Flugslaktarn the Covered (level 3, 20/33 HPs)
             Began as a Minotaur Fighter on Mar 3, 2020.
             Quit the game on level 3 of the Dungeon.
             The game lasted 00:00:15 (388 turns).

Flugslaktarn the Covered (Minotaur Fighter)          Turns: 388, Time: 00:00:16

Health: 20/33      AC:  7    Str: 21    XL:     3   Next: 7%
Magic:  2/2        EV:  7    Int:  5    God:
Gold:   31         SH:  9    Dex:  9    Spells: 2/2 levels left

rFire    . . .     SeeInvis .   a - +0 war axe
rCold    . . .     Gourm    .   c - +0 kite shield
rNeg     . . .     Faith    .   b - +0 scale mail
rPois    .         Spirit   .   (helmet restricted)
rElec    .         Reflect  .   (no cloak)
rCorr    .         Harm     .   (no gloves)
MR       .....                  (no boots)
Stlth    ..........             (no amulet)
HPRegen  0.11/turn              (no ring)
MPRegen  0.08/turn              (no ring)

@: lethally poisoned (20 -> 0)
A: retaliatory headbutt, horns 2
a: no special abilities


You were on level 3 of the Dungeon.
You were not hungry.

You visited 1 branch of the dungeon, and saw 3 of its levels.

You collected 31 gold pieces.

Inventory:

Hand Weapons
 a - a +0 war axe (weapon)
Armour
 b - a +0 scale mail (worn)
 c - a +0 kite shield (worn)
Scrolls
 f - a scroll of blinking {unknown}
Potions
 d - a potion of might
Comestibles
 e - 2 rations
 g - a chunk of flesh


   Skills:
 + Level 4.0 Fighting
 * Level 3.3 Axes
 + Level 4.0 Armour
 + Level 4.0 Shields


You had 2 spell levels left.
You didn't know any spells.
Your spell library was empty.

Dungeon Overview and Level Annotations

Branches:
Dungeon (3/15)

Altars:
Uskayaw


Innate Abilities, Weirdness & Mutations

You reflexively headbutt those who attack you in melee.
You have a pair of horns on your head.


Message History

There is a lethal amount of poison in your body!
You feel sick. You block the orc's attack.
Things that are here:
a +0 club; an orc corpse You slash the orc!
You kill the orc!
Your Fighting skill increases to level 4!
Your Shields skill increases to level 4!
You feel very sick.
You feel sick.
You see here a +1 trident of venom.
You feel sick.
Unknown command.
There is a lethal amount of poison in your body!
There is a lethal amount of poison in your body!
Okay, then.
Are you sure you want to abandon this character and quit the game? (Confirm with "yes".)
Okay, then.
Unknown command.
Are you sure you want to abandon this character and quit the game? (Confirm with "yes".)

#........#
#.#........#
#.#÷.......#
#.#.##.#####
#.#.##.# #.#.##.#
#.#.##)#
#.#.##)#####..
#######'#.##@.......
#.........##>.......
#...<....####.##.###
#........# .##.#
#........####.##.#
#........)÷...##.#
#########.######.#
####.#### #.#
#...(...###.#


There were no monsters in sight!

Vanquished Creatures
  2 adders (D:3)
  3 orcs (D:3)
  A giant cockroach (D:1)
  A goblin (D:3)
  2 kobolds (D:3)
  4 rats
13 creatures vanquished.

Notes
Turn   | Place    | Note
-------+----------+-------------------------------------------
     0 | D:1      | Flugslaktarn the Minotaur Fighter began the quest for the
                  | Orb.
     0 | D:1      | Reached XP level 1. HP: 19/19 MP: 0/0
    85 | D:3      | Noticed a +0 hand axe
    85 | D:3      | Noticed a +0 dagger
    86 | D:3      | Found a hide-covered altar of Uskayaw.
   108 | D:3      | Reached XP level 2. HP: 21/27 MP: 1/1
   383 | D:3      | Reached XP level 3. HP: 28/33 MP: 2/2
   388 | D:3      | Quit the game

Levels and vault maps discovered:
D:1:      roderic_octagonal_star, layout_basic, hangedman_decor_clover_reticule,
          kennysheep_nondescript
D:2:      layout_basic, wander_ebering_terrifying_dragon_lair
D:3:      layout_basic, nicolae_overflow_crystal_walls, dancing_weapons_uskayaw,
          gammafunk_ghost_cemetery, first_ration, uniq_grinder, uniq_terence

Skill      XL: |  1  2  3 |
---------------+----------+-----
Axes           | 3 |  3.3
Armour         | 4 |  4.0
Fighting       | 4 |  4.0
Shields        | 4 |  4.0

Action                   || total
-------------------------++-------
Melee: War axe           ||    35
       Headbutt          ||     8
Armor: Scale mail        ||    14
Dodge: Dodged            ||    13
Block: Kite shield       ||    16

Table legend:
 A = Non-vault XP
 B = Vault XP
 C = Vault XP percentage of total XP
 D = Non-vault monster count
 E = Vault monster count
 F = Vault count percentage of total count
                 A         B        C        D         E       F
            +---------+---------+-------+---------+---------+-------
      Total |      45 |       0 |   0.0 |      13 |       0 |   0.0
            +---------+---------+-------+---------+---------+-------
        D:1 |       3 |       0 |   0.0 |       2 |       0 |   0.0
        D:3 |      42 |       0 |   0.0 |      11 |       0 |   0.0
            +---------+---------+-------+---------+---------+-------
